cohdb
Replays
Latest Replays
All Replays
Popular Replays
Top Player Replays
Match Explorer
How It Works
Community
CoH3 Stats
Reddit
Sign in to upload your games and track your stats! →
Sign in with Steam
Match 26384034
Unlisted
Match 26384034
Overview
Messages
Build Orders
End
Construct Infanterie Kompanie
Grenadier Squad
Grenadier Squad
MG 42 Machine Gun Team
Construct Panzergrenadier Kompanie
GrW 34 Mortar Team
Panzergrenadier Squad
Selects Mechanized Battlegroup
Selects Raid Package
Panzergrenadier Squad
Selects 8 Rad Armored Car
8 Rad Armored Car
iceday
ECO ZULU Starsilver
Prof. Dr. Balu
ConcernedApe
0
0
Comments
sign in to comment!
No comments posted yet!